 Dungeon Crawl Stone Soup version 0.27.1-34-g3ba077fa99 (webtiles) character file.

Game seed: 2178949492136881653

29060 Fek the Basher (level 13, -3/86 HPs)
             Began as a Gargoyle Berserker on Jan 24, 2022.
             Was the Champion of Trog.
             Slain by an elephant (17 damage)
             ... summoned by a boggart
             ... in a Gauntlet.
             The game lasted 00:31:39 (14272 turns).

Fek the Basher (Gargoyle Berserker)                Turns: 14272, Time: 00:31:39

Health: -3/86      AC: 11    Str: 25    XL:     13   Next: 42%
Magic:  13/13      EV: 13    Int:  8    God:    Trog [******]
Gold:   676        SH:  0    Dex: 10    Spells: 12/12 levels left

rFire    . . .     SeeInvis .   m - +5 dire flail (flame)
rCold    . . .     Faith    +   (shield currently unavailable)
rNeg     + . .     Spirit   .   n - +0 troll leather armour {Purgy}
rPois    ∞         Reflect  .   G - +0 helmet
rElec    +         Harm     .   F - +0 cloak
rCorr    .         Rampage  .   v - +0 pair of gloves
Will     .....     NoTele   +   (no boots)
Stlth    ++++......             c - amulet of faith
HPRegen  1.24/turn              (no ring)
MPRegen  0.13/turn              (no ring)

@: corroded, on berserk cooldown, slowed, very slow
A: sickness immunity, AC +9, negative energy resistance 1, electricity
resistance, torment resistance 1, petrification resistance
a: Renounce Religion, Berserk, Trog's Hand, Brothers in Arms


You were in a Gauntlet.
You worshipped Trog.
Trog was exalted by your worship.
You visited 2 branches of the dungeon, and saw 16 of its levels.
You also visited: Sewer and Gauntlet.

You collected 838 gold pieces.
You spent 162 gold pieces at shops.

Inventory:

Hand Weapons
 m - a +5 dire flail of flaming (weapon)
 D - a +2 whip of freezing
 E - a +4 flail of freezing
 S - a +4 antimagic great mace
Missiles
 I - 2 throwing nets (quivered)
Armour
 n - a +0 troll leather armour (worn) {Purgy}
 v - a +0 pair of gloves (worn)
 z - a +0 ring mail of cold resistance
 C - +2 steam dragon scales
 F - a +0 cloak (worn)
 G - a +0 helmet (worn)
 H - the +0 pair of boots of the Bull {-Tele MP+9 Str+9}
   (You found it on level 9 of the Dungeon)

   Str:       It affects your strength (+9).
   MP:        It affects your magic capacity (+9).
   -Tele:     It prevents most forms of teleportation.
Jewellery
 c - an amulet of faith (around neck)
 u - an amulet of the acrobat
Wands
 a - a wand of polymorph (19)
 J - a wand of iceblast (9)
 N - a wand of mindburst (10)
 O - a wand of acid (6)
 R - a wand of paralysis (7)
Scrolls
 b - a scroll of summoning {unknown}
 d - 2 scrolls of teleportation
 e - 3 scrolls of magic mapping
 f - 4 scrolls of enchant armour {unknown}
 g - 16 scrolls of identify {unknown}
 h - 6 scrolls of fear {unknown}
 k - a scroll of vulnerability {unknown}
 p - 2 scrolls of enchant weapon {unknown}
 w - 2 scrolls of torment {unknown}
 x - a scroll of blinking {unknown}
 y - 3 scrolls of noise {unknown}
 A - 3 scrolls of brand weapon {unknown}
 L - a scroll of holy word
 P - a scroll of fog {unknown}
 Q - a scroll of acquirement {unknown}
 T - a scroll of immolation {unknown}
Potions
 i - 4 potions of heal wounds
 j - 7 potions of curing
 l - 5 potions of haste
 o - 8 potions of might
 q - a potion of experience {unknown}
 r - 4 potions of lignification {unknown}
 s - 2 potions of brilliance {unknown}
 t - 3 potions of mutation
 B - 3 potions of degeneration {unknown}
 K - a potion of attraction {unknown}
 M - 9 potions of ambrosia


   Skills:
 * Level 12.1 Fighting
 * Level 14.6 Maces & Flails
 * Level 8.9 Armour
 + Level 6.0 Dodging
 * Level 9.2 Stealth
 + Level 1.1 Unarmed Combat


You had 12 spell levels left.
You didn't know any spells.
Your spell library was empty.

Dungeon Overview and Level Annotations

Branches:
Dungeon (12/15)            Temple (0/1) D:7            Lair (4/6) D:8
  Swamp (0/4) Lair:2        Snake (0/4) Lair:2          Orc (0/2) D:9
  Sewer (visited)         Gauntlet (1/1)

Altars:
Kikubaaqudgha
Uskayaw

Shops:
D:3 =   D:7 *   D:10 *

Annotations:
Gauntlet 15 transporters, exclusions: 2 lightning spires and obsidian statue


Innate Abilities, Weirdness & Mutations

You are immune to sickness and miasma.
Your stone body is resilient. (AC +9)
You are immune to poison.
You resist negative energy. (rN+)
You are resistant to electric shocks. (rElec)
You are resistant to unholy torment.
You are immune to petrification.


Message History

The elephant's corpse dissolves into shadows!
You are no longer berserk.
You are exhausted.
You feel yourself slow down.
You hear a trumpeting!
The elephant tramples you!
You stumble backwards!
You hear some strange, mumbled words.
You hit something. You burn something.
Something hits you but does no damage. x2
You impale something!! You burn something. Trog accepts your kill.
Trog appreciates your killing of a magic user.
Reactivating autopickup.
The chaos spawn degenerates into a cloud of primal chaos!
The moth of wrath dissolves into shadows!
You feel a bit more experienced. The elephant misses you.
The elephant closely misses you. Something hits you but does no damage.
Deactivating autopickup; reactivate with Ctrl-A.
You closely miss the rust devil. The elephant tramples you!
You hold your ground!
The elephant trunk-slaps you but does no damage.
Something hits you. The rust devil hits you. The rust devil corrodes you!
The elephant misses you.
The elephant trunk-slaps you but does no damage.
You barely miss the rust devil. Something hits you. The rust devil hits you.
The rust devil corrodes you! The elephant tramples you!!
You hold your ground!
The elephant completely misses you.
You hit the rust devil.
The rust devil is lightly wounded.
The elephant tramples you.
You hold your ground!
The elephant trunk-slaps you but does no damage.
Something hits you but does no damage. The rust devil closely misses you.
You thump the rust devil!
The rust devil is moderately wounded.
The elephant tramples you!!
* * * LOW HITPOINT WARNING * * *
You hold your ground!
The elephant trunk-slaps you.
* * * LOW HITPOINT WARNING * * *
Something hits you but does no damage. The rust devil misses you.
The elephant tramples you!
You die...

........≈8≈........∩...∩#8#
.........≈......©.....§≈###
########...###########§.#
..#...h#...#...#.#...#..#
#..#...#...#..#...#..#..###
P#.P#..#...#.##.Y.##.#..#8#
.P#.P#.###.##..#Y#..##..###
#.P#©.##©#.#....4YY..#..#
.P#.P#.#.#.##..#@#..##..###
P#.P#..#.#.#.#######.#..#8#
#.P#...#.#.#..#...#..#..###
..#....#.#.#...!©.)..#..#
## #####.#############..###
≈≈ ≈≈≈≈#........©#.....§#8#
## #####.#########.....§###
.. ...u#.#..........#####
#####..#.#..........#8#


You could see 4 elephants and a rust devil (summoned).

Vanquished Creatures
  Josephine (D:11)
  2 hydras
  Harold (D:9)
  A boulder beetle (D:11)
  A two-headed ogre (D:11)
  Pikel (D:7)
  A worldbinder (Gauntlet)
  Joseph (D:7)
  5 elephants (Lair:3)
  2 black mambas
  A torpor snail (Lair:3)
  Maggie (D:7)
  A cane toad (Lair:1)
  3 rime drakes
  5 komodo dragons
  A queen bee (Lair:1)
  A troll (D:10)
  A hornet (D:7)
  19 blink frogs (Lair:3)
  2 wyverns
  2 shadows
  3 wraiths (D:11)
  34 yaks
  2 vampire mosquitoes (D:10)
  A steam dragon (D:8)
  3 acid dragons
  10 water moccasins
  Purgy (Sewer)
  2 ice beasts
  2 sky beasts
  5 orc warriors
  2 boggarts (Gauntlet)
  4 wolves (Lair:3)
  3 ogres
  6 centaurs
  The ghost of fishdoom the Grave Robber, an amateur DsNe (D:3)
  3 lemures (D:7)
  2 phantoms
  3 bullfrogs
  2 scorpions (D:6)
  36 killer bees
  8 wights
  6 howler monkeys
  3 bullfrog zombies (D:5)
  A centaur zombie (D:7)
  A jelly (D:7)
  A bullfrog skeleton (D:4)
  A centaur skeleton (D:6)
  3 hounds
  6 orc priests
  A gnoll shaman (D:7)
  3 iguanas
  Natasha (thrice) (D:4)
  5 hell rats (Lair:3)
  8 orc wizards
  A hound skeleton (D:4)
  A howler monkey zombie (D:10)
  6 adders
  3 gnolls (D:7)
  A shadow imp (D:7)
  3 white imps (D:7)
  An adder skeleton (D:4)
  3 worms
  4 dart slugs
  36 orcs
  4 bats
  4 endoplasms
  7 giant cockroaches
  6 goblins
  5 hobgoblins
  8 jackals
  8 kobolds
  3 quokkas
  8 ball pythons
  4 frilled lizards
  6 rats
350 creatures vanquished.

Vanquished Creatures (collateral kills)
  A boulder beetle (Lair:2)
  A two-headed ogre (D:11)
  A cane toad (Lair:1)
  A komodo dragon (Lair:1)
  A yak (D:11)
  A water moccasin (Lair:2)
  2 bullfrogs (Lair:2)
8 creatures vanquished.

Vanquished Creatures (others)
  6 fungi
  24 plants
  27 withered plants (Gauntlet)
57 creatures vanquished.

Grand Total: 415 creatures vanquished

Notes
Turn   | Place    | Note
-------+----------+-------------------------------------------
     0 | D:1      | Fek the Gargoyle Berserker began the quest for the Orb.
     0 | D:1      | Reached XP level 1. HP: 14/14 MP: 1/1
   315 | D:1      | Reached XP level 2. HP: 19/19 MP: 2/2
  1208 | D:2      | Reached XP level 3. HP: 16/24 MP: 3/3
  1437 | D:2      | Reached ** piety under Trog
  2485 | D:2      | Reached XP level 4. HP: 29/29 MP: 4/4
  2631 | D:3      | Found a glowing drain.
  2657 | D:3      | Reached skill level 1 in Stealth
  2665 | Sewer    | Entered a sewer
  2754 | Sewer    | Noticed Purgy
  2762 | Sewer    | Killed Purgy
  2763 | Sewer    | Reached skill level 4 in Maces & Flails
  2763 | Sewer    | Reached XP level 5. HP: 33/33 MP: 5/5
  2969 | D:3      | Found Akeaq's Jewellery Shoppe.
  3250 | D:3      | Reached *** piety under Trog
  3437 | D:3      | Found a faded altar of an unknown god.
  3462 | D:3      | Found a runed translucent gate.
  3462 | D:3      | Found a runed translucent gate.
  3463 | D:3      | Found a runed translucent gate.
  3463 | D:3      | Noticed fishdoom's ghost (amateur DsNe)
  3482 | D:3      | Killed fishdoom's ghost
  3483 | D:3      | Reached skill level 5 in Maces & Flails
  3483 | D:3      | Reached XP level 6. HP: 38/38 MP: 6/6
  3842 | D:4      | Noticed Natasha
  3876 | D:4      | Killed Natasha
  3894 | D:4      | Noticed Natasha
  3914 | D:4      | Killed Natasha
  4043 | D:4      | Reached XP level 7. HP: 44/44 MP: 7/7
  4258 | D:4      | Noticed Natasha
  4276 | D:4      | Noticed a wyvern
  4285 | D:4      | Killed Natasha
  4292 | D:4      | Killed a wyvern
  4293 | D:4      | Reached skill level 6 in Maces & Flails
  4376 | D:4      | Reached skill level 5 in Fighting
  4522 | D:5      | Entered Level 5 of the Dungeon
  4551 | D:5      | Reached **** piety under Trog
  4645 | D:5      | Reached skill level 1 in Unarmed Combat
  4709 | D:5      | Reached XP level 8. HP: 49/49 MP: 8/8
  4820 | D:5      | Reached skill level 7 in Maces & Flails
  5013 | D:5      | Found a hide-covered altar of Uskayaw.
  5540 | D:6      | Reached skill level 8 in Maces & Flails
  5595 | D:6      | Reached XP level 9. HP: 54/55 MP: 9/9
  5674 | D:6      | Reached skill level 5 in Armour
  5974 | D:7      | Noticed Maggie
  6067 | D:7      | Killed Maggie
  6313 | D:7      | Reached ***** piety under Trog
  6318 | D:7      | Noticed Pikel
  6326 | D:7      | Reached skill level 9 in Maces & Flails
  6328 | D:7      | Noticed Joseph
  6376 | D:7      | Killed Joseph
  6377 | D:7      | Reached skill level 5 in Stealth
  6377 | D:7      | HP: 4/84 [gnoll (6)]
  6384 | D:7      | Killed Pikel
  6385 | D:7      | Reached XP level 10. HP: 7/63 MP: 10/10
  6540 | D:7      | Found a staircase to the Ecumenical Temple.
  6839 | D:7      | Reached skill level 10 in Maces & Flails
  7044 | D:7      | Found Uzxoiwy's Assorted Antiques.
  7582 | D:8      | Found a staircase to the Lair.
  7830 | D:8      | Received a gift from Trog
  8139 | D:9      | Found a staircase to the Orcish Mines.
  8669 | D:9      | Identified the +0 pair of boots of the Bull {-Tele MP+9
                  | Str+9}
  8785 | D:9      | Reached skill level 11 in Maces & Flails
  8897 | D:9      | Noticed Harold
  8910 | D:9      | Killed Harold
  8911 | D:9      | Reached XP level 11. HP: 69/69 MP: 11/11
  9197 | D:10     | Entered Level 10 of the Dungeon
  9460 | D:10     | Noticed an angel
  9464 | D:10     | Found Pibocoal's Hallowed Reliquary.
  9472 | D:10     | Bought a potion of heal wounds for 65 gold pieces
  9472 | D:10     | Bought a scroll of holy word for 97 gold pieces
  9884 | D:11     | Reached skill level 12 in Maces & Flails
  9943 | D:11     | Noticed a boulder beetle
  9961 | D:11     | Killed a boulder beetle
 10112 | D:11     | Noticed Josephine
 10138 | D:11     | Killed Josephine
 10197 | D:11     | Noticed a two-headed ogre
 10215 | D:11     | Killed a two-headed ogre
 10216 | D:11     | Reached skill level 5 in Dodging
 10228 | D:11     | Noticed a two-headed ogre
 10234 | D:11     | Killed a two-headed ogre
 10515 | Lair:1   | Entered Level 1 of the Lair of Beasts
 10660 | Lair:1   | Reached XP level 12. HP: 77/77 MP: 12/12
 10679 | Lair:1   | Reached skill level 10 in Fighting
 10695 | Lair:1   | Reached skill level 13 in Maces & Flails
 10843 | Lair:1   | Noticed a seven-headed hydra
 10860 | Lair:1   | Killed an eight-headed hydra
 11739 | Lair:2   | Reached ****** piety under Trog
 11756 | Lair:2   | Noticed a four-headed hydra
 11765 | Lair:2   | Killed a four-headed hydra
 11816 | Lair:2   | Found a staircase to the Snake Pit.
 11926 | Lair:2   | Noticed a boulder beetle
 11934 | Lair:2   | Killed a boulder beetle
 11948 | Lair:2   | Found a staircase to the Swamp.
 12587 | Lair:3   | Reached skill level 14 in Maces & Flails
 12661 | Lair:3   | Found an ancient bone altar of Kikubaaqudgha.
 12910 | Lair:3   | Reached XP level 13. HP: 82/84 MP: 13/13
 13098 | Lair:3   | Received a gift from Trog
 13797 | Lair:4   | Found a gate leading to a gauntlet.
 13800 | Gauntlet | Entered a Gauntlet
 13800 | Gauntlet | Found a transporter.
 13800 | Gauntlet | Found a transporter.
 13804 | Gauntlet | Found a transporter.
 13804 | Gauntlet | Found a transporter.
 13813 | Gauntlet | Found a transporter.
 13822 | Gauntlet | Noticed a blizzard demon
 13839 | Gauntlet | Found a transporter.
 13862 | Gauntlet | Found a transporter.
 13871 | Gauntlet | Found a transporter.
 13873 | Gauntlet | Found a transporter.
 13887 | Gauntlet | Found a transporter.
 13897 | Gauntlet | Found a transporter.
 13898 | Gauntlet | Found a transporter.
 13991 | Gauntlet | Found a transporter.
 13999 | Gauntlet | Noticed a great orb of eyes
 14133 | Gauntlet | Found a transporter.
 14153 | Gauntlet | Found a transporter.
 14169 | Gauntlet | Found a transporter.
 14272 | Gauntlet | Slain by an elephant

Illustrated notes

Levels and vault maps discovered:
D:1:      saegor_arrival_simple_b, layout_basic
D:2:      layout_basic, hangedman_feature_mirror, skrybe_limestone_x
D:3:      layout_loops_cross, shapermc_ecumenical_altar_notcrosses,
          ebering_ghost_rock_garden, serial_shops, shop,
          cheibrodos_sewer_entry_drain, corexii_corridor_pit
D:4:      layout_loops_ring, serial_bayou_ford_a, uniq_natasha
D:5:      layout_gridville, lemuel_round_altar
D:6:      layout_rooms
D:7:      layout_layer_cave, minmay_temple_entry_mist, serial_shops,
          kennysheep_mini_moat, uniq_joseph, uniq_pikel, uniq_maggie
D:8:      layout_basic, dpeg_oklobed_lair
D:9:      layout_basic, david_orc_2, uniq_harold
D:10:     layout_roguey, nicolae_good_shop
D:11:     layout_rooms, uniq_josephine
D:12:     layout_basic, nicolae_elemental_shop
Lair:1:   layout_roguey [special_room_bee], grunt_megastairs_2
Lair:2:   layout_cave_pods, swamp_mist, minmay_snake_entry_six_corridors
Lair:3:   layout_cave_pods, basic_altar, lemuel_fruit_tree,
          infiniplex_staircase_pool_2
Lair:4:   layout_misc_corridors, gauntlet_entry_generic,
          minmay_lair_oklob_bushes
Gauntlet: gammafunk_gauntlet_branching [gammafunk_gauntlet_arena_chambers,
          gammafunk_gauntlet_arena_grid, gammafunk_gauntlet_arena_spirals,
          gammafunk_gauntlet_arena_arrow_garden,
          gammafunk_gauntlet_arena_split_diamond,
          gammafunk_gauntlet_arena_hedges, gammafunk_gauntlet_arena_split_x,
          gammafunk_gauntlet_arena_open, gauntlet_exit_green]

Skill      XL: |  1  2  3  4  5  6  7  8  9 10 11 12 13 |
---------------+----------------------------------------+-----
Stealth        | 1 2 3 4 5 6 7 8 9 |  9.2
Fighting       | 4 5 7 8 9 11 12 | 12.1
Maces & Flails | 4 5 6 8 9 11 12 14 | 14.6
Dodging        | 2 3 4 5 6 |  6.0
Armour         | 3 4 5 6 7 8 |  8.9
Unarmed Combat | 1 |  1.1

Action                   |  1- 3 |  4- 6 |  7- 9 | 10-12 | 13-15 || total
-------------------------+-------+-------+-------+-------+-------++-------
Melee: Mace              |   103 |   179 |   367 |     8 |       ||   657
       Unarmed           |       |     9 |    13 |       |       ||    22
       Punch             |       |       |     2 |     1 |       ||     3
       Dire flail        |       |       |       |   537 |   155 ||   692
       Whip              |       |       |       |    56 |       ||    56
       Flail             |       |       |       |    38 |       ||    38
Invok: Berserk           |     2 |     4 |     9 |     9 |     2 ||    26
       Trog's Hand       |       |     1 |     1 |     2 |       ||     4
       Brothers in Arms  |       |       |       |     5 |       ||     5
  Use: Scroll            |       |       |       |       |     2 ||     2
 Stab: Sleeping          |       |       |     3 |     8 |       ||    11
       Distracted        |       |       |       |     1 |       ||     1
Armor: Animal skin       |    41 |     8 |       |       |       ||    49
       Troll leather arm |       |    44 |   179 |   260 |    61 ||   544
       Skin              |       |     1 |     2 |       |       ||     3
Dodge: Dodged            |    78 |   103 |   256 |   332 |    80 ||   849
